Map: Abyssal Reef LE

Players

iPlayDefense - Winner!

  • Race: Terran Terran
  • League: Silver
  • Spawn Location: 11:00

notlocehtdog

  • Race: Zerg Zerg
  • League: Silver
  • Spawn Location: 5:00

VOD

Have the link to the VOD?

Description

Time

  • Played on: April 13, 2025, 12:02 p.m.
  • Length: 12:49
Show
View Real Time Build Order
Export as new Build Order

iPlayDefense Terran - Winner!

Build Orders:  

Get SALT Encoding   

  12  0:00  SCV  
  13  0:15  Supply Depot  
  13  0:22  Refinery  
  13  0:24  SCV  
  14  0:37  SCV  
  15  0:48  Barracks  
  15  0:49  SCV  
  16  1:01  SCV  
  17  1:13  SCV  
  17  1:15  Supply Depot  
  18  1:25  SCV  
  19  1:35  Barracks Reactor  
  19  1:37  Orbital Command  
  19  1:46  Engineering Bay  
  19  2:14  Marine  
  19  2:15  Marine  
  21  2:19  Terran Infantry Weapons Level 1  
  21  2:32  Marine  
  21  2:33  Marine  
  23  2:38  Barracks  
  23  2:40  Barracks  
  23  2:45  Supply Depot  
  23  2:48  Refinery  
  23  2:50  Marine  
  23  2:51  Marine  
  25  3:08  Marine x2  
  27  3:29  SCV  
  28  3:35  Barracks Tech Lab x2  
  28  3:36  Marine x2  
  30  3:41  SCV  
  30  3:42  Supply Depot  
  31  3:53  SCV  
  31  3:54  Marine x2  
  32  4:05  Combat Shield  
  32  4:06  Stimpack  
  32  4:12  Marine x2, Command Center  
  32  4:14  Marine x2  
  36  4:19  Supply Depot  
  36  4:54  Barracks  
  36  4:59  Barracks  
  36  5:13  Factory  
  36  5:21  SCV  
  36  5:22  Marine  
  36  5:23  Marine x3  
  40  5:33  SCV  
  40  5:34  Orbital Command  
  41  5:40  Marine x2  
  41  5:41  Marine x2  
  45  5:45  SCV  
  45  5:46  Barracks Reactor  
  45  5:47  Barracks Reactor  
  45  5:49  Terran Infantry Armor Level 1  
  46  5:55  Supply Depot  
  46  5:57  SCV  
  47  6:13  Barracks Reactor  
  47  6:16  Starport  
  47  6:25  SCV x2  
  49  6:26  Marine x5  
  54  6:35  Siege Tank  
  54  6:37  SCV  
  58  6:41  Supply Depot  
  58  7:04  Armory  
  58  7:07  Barracks Reactor  
  58  7:17  SCV  
  58  7:18  SCV, Marine x5  
  58  7:19  Marine x2  
  58  7:20  Siege Tank  
  70  7:22  Marine  
  70  7:29  SCV  
  72  7:35  Marine  
  72  7:36  Marine x4  
  77  7:39  Medivac  
  79  7:51  Marine  
  79  7:52  Marine x4  
  79  7:53  Marine x2  
  86  8:02  Supply Depot  
  86  8:03  Supply Depot  
  86  8:07  Terran Infantry Weapons Level 2  
  86  8:24  Medivac  
  88  8:27  SCV x2  
  88  8:28  Marine  
  88  8:29  Marine x3  
  88  8:30  Siege Tank  
  88  8:33  Marine x3  
  88  8:34  Marine  
  100  8:39  SCV  
  100  8:41  Supply Depot  
  102  8:43  Supply Depot  
  102  8:44  SCV  
  101  8:54  Medivac  
  97  9:22  Supply Depot x2  
  97  9:30  SCV x2  
  99  9:31  Siege Tank  
  102  9:43  Marine x10  
  102  9:44  SCV  
  113  9:57  Supply Depot  
  113  9:58  Supply Depot  
  113  10:00  Missile Turret  
  113  10:01  Marine x3, Missile Turret  
  116  10:07  Refinery, Missile Turret x2  
  116  10:10  Refinery  
  116  10:19  Siege Tank  
  119  10:39  SCV x2  
  119  10:42  Marine  
  122  10:43  Marine  
  123  10:51  SCV, Siege Tank  
  127  11:23  Thor  
  133  11:29  Command Center  
  133  11:53  Supply Depot  
  133  11:54  Supply Depot  
Show
View Real Time Build Order
Export as new Build Order

notlocehtdog Zerg 

Build Orders: Pool First, Swarm Host 

Get SALT Encoding   

  12  0:02  Drone  
  13  0:09  Extractor  
  13  0:11  Drone  
  13  0:21  Overlord  
  13  0:26  Drone  
  14  0:36  Overlord  
  14  0:43  Drone  
  15  1:09  Spawning Pool  
  14  1:12  Drone x3  
  17  1:47  Hatchery  
  16  1:59  Metabolic Boost  
  16  2:04  Queen  
  16  2:07  Zergling x4  
  20  2:08  Zergling x2  
  21  2:25  Baneling Nest  
  20  2:31  Zergling x4  
  22  2:44  Drone  
  23  2:53  Lair  
  23  2:55  Zergling x2  
  24  3:05  Queen  
  24  3:10  Drone  
  27  3:31  Drone  
  27  3:32  Drone x4  
  32  3:36  Drone  
  27  4:05  Extractor  
  27  4:06  Zergling x6  
  29  4:18  Spine Crawler, Zergling x6  
  29  4:22  Zergling x2  
  32  4:49  Baneling x4  
  32  4:50  Baneling x2  
  29  5:18  Zergling x4  
  29  5:19  Zergling x2  
  32  5:22  Drone  
  33  5:42  Drone x2  
  35  5:51  Hatchery  
  34  6:02  Drone x2, Spire  
  34  6:03  Drone  
  36  6:07  Overlord x2  
  36  6:08  Overlord  
  36  6:12  Overlord  
  36  6:20  Overlord  
  36  6:32  Drone x4  
  40  6:36  Drone x3  
  43  6:40  Extractor  
  43  6:47  Drone  
  43  7:03  Infestation Pit  
  42  7:14  Extractor  
  41  7:21  Spine Crawler  
  40  7:28  Mutalisk x3  
  40  7:29  Mutalisk x4  
  52  7:34  Drone x2  
  52  7:35  Drone  
  52  7:36  Queen  
  59  7:40  Overseer  
  59  7:47  Zergling x10  
  64  7:59  Drone x4  
  64  8:01  Drone  
  69  8:31  Nydus Network  
  54  9:18  Swarm Host x5  
  54  9:19  Swarm Host x4  
  81  9:28  Zergling x2  
  81  9:30  Overlord x4  
  82  9:44  Hive  
  82  9:47  Zerg Flyer Weapons Level 1  
  82  10:04  Evolution Chamber  
  81  10:20  Zergling x10  
  81  10:21  Zergling x2  
  74  11:04  Swarm Host x2  
  74  11:05  Swarm Host x3  
  89  11:13  Drone x2  
  89  11:14  Drone  
  92  11:30  Zergling x18  
  101  11:36  Hatchery  
  101  11:37  Zergling x2  
  101  11:38  Zergling x4  
  103  12:05  Zergling x6  
  79  12:27  Zergling x2  
  79  12:28  Zergling x8  
Tags
 
Composition
Swarm Host
Matchup
TvZ
Opening
Pool First
Replay Pack
DaveSC2
Spawn Locations
Cross Positions
Add a new tag
Caveats
  • Supply blocks, unpowered buildings, or Contaminate may cause inaccurate times.
  • Supply counts are checked every 10 seconds.